 Dungeon Crawl Stone Soup version 0.29.1 (webtiles) character file.

Game seed: 15295289965787411191

56 funkygono the Firebug (level 3, -3/19 HPs)
             Began as a Gargoyle Fire Elementalist on Sept 15, 2022.
             Slain by Natasha (5 damage)
             ... on level 2 of the Dungeon.
             The game lasted 00:01:45 (1011 turns).

funkygono the Firebug (Gargoyle Fire Elementalist)  Turns: 1011, Time: 00:01:46

Health: -3/19      AC:  5    Str: 11    XL:     3   Next: 97%
Magic:  1/6        EV: 12    Int: 17    God:
Gold:   48         SH:  0    Dex: 10    Spells: 1/7 levels left

rFire   . . .      SeeInvis .   i - +0 club
rCold   . . .      Faith    .   (no shield)
rNeg    + . .      Spirit   .   a - +0 robe
rPois   ∞          Reflect  .   (no helmet)
rElec   +          Harm     .   (no cloak)
rCorr   .          Rampage  .   (no gloves)
Will    .....                   (no boots)
Stlth   ++........              (no amulet)
HPRegen 0.06/turn               (no ring)
MPRegen 0.10/turn               (no ring)

@: slowed, very slow
A: sickness immunity, AC +3, negative energy resistance 1, electricity
resistance, torment resistance 1, petrification resistance
a: no special abilities


You were on level 2 of the Dungeon.
You visited 1 branch of the dungeon, and saw 2 of its levels.

You collected 48 gold pieces.

Inventory:

Hand Weapons
 i - a +0 club (weapon)
Armour
 a - a +0 robe (worn)
Scrolls
 c - 2 scrolls of fear {unknown}
 d - 2 scrolls of amnesia {unknown}
 e - a scroll of magic mapping {unknown}
 h - a scroll of identify {unknown}
 k - a scroll of acquirement {unknown}
Potions
 b - a potion of magic
 f - a potion of ambrosia {unknown}
 g - a potion of brilliance {unknown}
 j - a potion of curing {unknown}
 l - 2 potions of heal wounds {unknown}


   Skills:
 + Level 2.0 Dodging
 - Level 2.3 Stealth
 + Level 2.6 Spellcasting
 + Level 1.8 Conjurations
 + Level 3.6 Fire Magic


You had one spell level left.
You knew the following spells:

 Your Spells              Type           Power      Damage    Failure   Level
a - Foxfire               Conj/Fire      44%        2x1d6     6%          1
b - Scorch                Fire           28%        2d6       6%          2
c - Conjure Flame         Conj/Fire      11%        6-21      19%         3

Your spell library contained the following spells:

 Spells                   Type           Power      Damage    Failure   Level
 Inner Flame              Hex/Fire       8%         N/A       26%         3
 Flame Wave               Conj/Fire      11%        2d6       52%         4


Dungeon Overview and Level Annotations

Branches:
Dungeon (2/15)

Altars:
Zin

Annotations:
D:2 Natasha


Innate Abilities, Weirdness & Mutations

You are immune to sickness and miasma.
Your stone body is resilient. (AC +3)
You are immune to poison.
You resist negative energy. (rN+)
You are resistant to electric shocks. (rElec)
You are resistant to unholy torment.
You are immune to petrification.


Message History

You are very lightly contaminated with residual magic.
Nothing appears to happen.
Your foxfire dissipates! x2
Natasha casts a spell at you.
You feel yourself slow down.
Casting: Foxfire (safe; 6% risk of failure)
Confirm with . or Enter, or press ? or * to list all spells.
You conjure some foxfire!
The foxfire hits Natasha.
Natasha is moderately wounded.
You miss Natasha.
Natasha is moderately wounded.
The foxfire hits Natasha.
Natasha is severely wounded.
Natasha barely misses you.
Natasha mumbles some strange words.
Natasha's front paws start to glow.
Natasha completely misses you.
Your magical contamination has completely faded away.
You barely miss Natasha.
Natasha is heavily wounded.
Natasha casts a spell.
Natasha closely misses you.
You barely miss Natasha.
Natasha is heavily wounded.
Natasha claws you. x2
Casting: Foxfire (safe; 6% risk of failure)
Confirm with . or Enter, or press ? or * to list all spells.
You conjure some foxfire!
Natasha claws you!
* * * LOW HITPOINT WARNING * * *
The crimson imp blinks!
Unknown command.
You barely miss Natasha.
Natasha is heavily wounded.
The foxfire hits Natasha.
Natasha is severely wounded.
The foxfire hits Natasha.
Natasha is almost dead.
Natasha mumbles some strange words.
Natasha claws you.
You die...

........#......######
#.........####......#
##.....#.## #.####.#
#.......# #.##
#.#.###.####.#.## ##
#.## #.. ..###.# .. #
....##.#..# .# ...
#.#.#..# ._ #.5@h§†#
........###..#
...)...# .....
######.# .#### #.. #
#.. ... #.


You could see an iron imp (summoned) and Natasha.

Vanquished Creatures
  Jessica (D:2)
  2 dart slugs (D:1)
  An endoplasm (D:1)
  4 goblins
  4 hobgoblins
  2 jackals (D:1)
  A quokka (D:1)
  3 ball pythons
  5 bats (D:1)
  A frilled lizard (D:2)
  A kobold (D:1)
  A rat (D:2)
26 creatures vanquished.

Vanquished Creatures (others)
  75 foxfires
75 creatures vanquished.

Grand Total: 101 creatures vanquished

Notes
Turn   | Place    | Note
-------+----------+-------------------------------------------
     0 | D:1      | funkygono the Gargoyle Fire Elementalist began the quest
                  | for the Orb.
     0 | D:1      | Reached XP level 1. HP: 10/10 MP: 3/3
   148 | D:1      | Reached XP level 2. HP: 15/15 MP: 3/5
   151 | D:1      | Learned a level 2 spell: Scorch
   814 | D:2      | Reached XP level 3. HP: 19/19 MP: 4/6
   818 | D:2      | Learned a level 3 spell: Conjure Flame
   992 | D:2      | Found a glowing silver altar of Zin.
   997 | D:2      | Noticed Jessica
   999 | D:2      | Killed Jessica
  1001 | D:2      | Noticed Natasha
  1011 | D:2      | Slain by Natasha

Illustrated notes

Levels and vault maps discovered:
D:1:      amcnicky_arrival_feature_with_door, layout_basic
D:2:      layout_loops_ring, basic_altar, minmay_split_cup_large, uniq_natasha,
          uniq_terence, uniq_jessica

Skill      XL: |  1  2 |
---------------+-------+-----
Dodging        | 2 |  2.0
Stealth        | |  2.3
Spellcasting   | |  2.6
Conjurations   | |  1.8
Fire Magic     | |  3.6

Action                   || total
-------------------------++-------
Melee: Club              ||    13
       Unarmed           ||     5
 Cast: Foxfire           ||    43
Armor: Robe              ||     8
Dodge: Dodged            ||    17
